 Dungeon Crawl Stone Soup version 0.19.1-1-g22dce08 (webtiles) character file.

88 galech the Skirmisher (level 4, -6/50 HPs)
             Began as an Ogre Fighter on Jan 19, 2017.
             Mangled by a hobgoblin
             ... wielding a +0 club
             ... led by Robin
              (12 damage)
             ... on level 3 of the Dungeon.
             The game lasted 00:04:57 (2112 turns).

galech the Skirmisher (Ogre Fighter)                Turns: 2112, Time: 00:04:57

Health: -6/50      AC:  3    Str: 22    XL:     4   Next: 53%
Magic:  4/4        EV: 10    Int:  7    God:
Gold:   181        SH:  3    Dex:  9    Spells: 0 memorised, 3 levels left

rFire  . . .     SeeInvis .     a - +0 flail
rCold  . . .     Gourm    .     b - +0 robe
rNeg   . . .     Faith    .     (no shield)
rPois  .         Spirit   .     (helmet restricted)
rElec  .         Reflect  +     (no cloak)
rCorr  .         Harm     .     (gloves unavailable)
MR     .....                    (boots unavailable)
Stlth  +.........               n - +3 amulet of reflection
                                (no ring)
                                (no ring)

@: no status effects
A: unfitting armour, tough skin 1
a: no special abilities


You were on level 3 of the Dungeon.
You were not hungry.

You visited 1 branch of the dungeon, and saw 3 of its levels.

You collected 181 gold pieces.

Inventory:

Hand Weapons
 a - a +0 flail (weapon)
Armour
 b - a +0 robe (worn)
 c - a +0 shield
Jewellery
 n - a +3 amulet of reflection (around neck)
Scrolls
 e - a scroll of enchant weapon {unknown}
 j - 3 scrolls of identify {unknown}
 m - a scroll of remove curse {unknown}
 o - a scroll of teleportation {unknown}
 q - a scroll of amnesia {unknown}
Potions
 d - a potion of might
 g - a potion of agility {unknown}
 h - a potion of invisibility {unknown}
 k - a potion of ambrosia {unknown}
 l - a potion of cure mutation {unknown}
 r - a potion of cancellation {unknown}
Comestibles
 f - 3 bread rations
 i - a meat ration
 p - 6 chunks of flesh


   Skills:
 + Level 5.6 Fighting
 + Level 3.7 Maces & Flails
 + Level 3.2 Dodging
 - Level 2.6 Shields


You had 3 spell levels left.
You didn't know any spells.

Dungeon Overview and Level Annotations

Branches:
Dungeon (3/15)

Altars:
Nemelex Xobeh

Annotations:
D:3 Robin


Innate Abilities, Weirdness & Mutations

You are too large for most types of armour.
You have tough skin. (AC +1)


Message History

You hit the hobgoblin.
You kill the hobgoblin!
Robin throws the goblin at you! The goblin barely misses you.
The hobgoblin closely misses you.
You barely miss the goblin. The goblin hits you but does no damage.
You block the hobgoblin's attack. You block the goblin's attack.
You completely miss the goblin. The hobgoblin closely misses you.
The goblin hits you with a dagger.
* * * LOW HITPOINT WARNING * * *
Unknown command.
You hit the goblin.
The goblin is severely wounded.
The hobgoblin hits you with a club.
* * * LOW HITPOINT WARNING * * *
The goblin barely misses you.
You hit the goblin.
You kill the goblin!
The hobgoblin no longer looks unusually strong.
The hobgoblin hits you with a club!
You die...

#.########
.....ggg@#
##########
.....g##)##
#........### .....
##..####........#..
..g.
+......+...........
...
###..###.......#.#.
.. ##.#
#........⌠.. . #.#
#..........# #.#
#........###
#.###...÷....#


You could see Robin, 2 hobgoblins and a goblin.

Vanquished Creatures
  2 adders (D:2)
  2 dart slugs (D:1)
  A giant cockroach (D:2)
  10 goblins
  7 hobgoblins
  14 jackals
  5 bats
  2 frilled lizards
  9 kobolds
  8 rats
60 creatures vanquished.

Vanquished Creatures (others)
  A goblin (D:2)
1 creature vanquished.

Grand Total: 61 creatures vanquished

Notes
Turn   | Place    | Note
-------+----------+-------------------------------------------
     0 | D:1      | galech the Ogre Fighter began the quest for the Orb.
     0 | D:1      | Reached XP level 1. HP: 24/24 MP: 1/1
    92 | D:1      | Reached XP level 2. HP: 14/33 MP: 2/2
   423 | D:1      | Reached XP level 3. HP: 32/41 MP: 3/3
   494 | D:1      | Reached skill level 5 in Fighting
   663 | D:1      | You fall through a shaft!
  1128 | D:2      | Found a sparkling altar of Nemelex Xobeh.
  1456 | D:2      | Reached XP level 4. HP: 32/50 MP: 4/4
  2083 | D:3      | Noticed Robin
  2112 | D:3      | Mangled by a hobgoblin

Skill      XL: |  1  2  3 |
---------------+----------+-----
Maces & Flails | 3 |  3.7
Dodging        | 3 |  3.2
Fighting       | 5 |  5.6
Shields        | |  2.6

Action                   |  1- 3 |  4- 6 || total
-------------------------+-------+-------++-------
Melee: Flail             |   103 |    63 ||   166
  Eat: Chunk             |     2 |     2 ||     4
Armor: Robe              |    39 |    25 ||    64
Dodge: Dodged            |    62 |    48 ||   110
Block: Shield            |    25 |       ||    25
       Other             |     8 |     9 ||    17
       Reflection        |     2 |       ||     2
